 Dungeon Crawl Stone Soup version 0.30-a0-4-ga7cffc901d (webtiles) character file.

Game seed: 16941986042537531860

105 bearlyready the Ogre Mage (level 4, 0/44 HPs)
             Began as an Ogre Fire Elementalist on Aug 21, 2022.
             Slain by an orc warrior
             ... wielding a +0 scimitar
              (7 damage)
             ... on level 3 of the Dungeon.
             The game lasted 00:06:33 (3031 turns).

bearlyready the Ogre Mage (Ogre Fire Elementalist)  Turns: 3031, Time: 00:06:34

Health: 0/44       AC:  5    Str: 12    XL:     4   Next: 83%
Magic:  9/9        EV:  9    Int: 18    God:
Gold:   147        SH:  5    Dex:  9    Spells: 7/10 levels left

rFire   . . .      SeeInvis .    k - +1 whip (vamp)
rCold   . . .      Faith    .    (no shield)
rNeg    . . .      Spirit   .    a - +0 robe
rPois   .          Reflect  +    w - +2 hat
rElec   .          Harm     .    (no cloak)
rCorr   .          Rampage  .    (gloves unavailable)
Will    .....                    (boots unavailable)
Stlth   +.........               i - amulet of reflection
HPRegen 0.14/turn                (no ring)
MPRegen 0.11/turn                (no ring)

@: no status effects
A: large, unfitting armour, tough skin 1
a: no special abilities


You were on level 3 of the Dungeon.
You visited 1 branch of the dungeon, and saw 4 of its levels.

You collected 147 gold pieces.

Inventory:

Hand Weapons
 d - a +0 dagger
 k - a +1 vampiric whip (weapon)
Missiles
 j - 49 stones
 l - 10 poisoned darts (quivered)
Armour
 a - a +0 robe (worn)
 w - a +2 hat (worn)
Jewellery
 i - an amulet of reflection (around neck)
Scrolls
 c - 2 scrolls of teleportation {unknown}
 g - a scroll of vulnerability {unknown}
 h - a scroll of noise {unknown}
 o - a scroll of enchant weapon {unknown}
 p - a scroll of fear {unknown}
 q - a scroll of torment
 r - a scroll of identify
 v - a scroll of poison {unknown}
Potions
 b - a potion of magic
 e - 3 potions of heal wounds {unknown}
 f - a potion of ambrosia {unknown}
 m - 2 potions of brilliance {unknown}
 n - a potion of curing {unknown}
 t - a potion of degeneration {unknown}
 u - 3 potions of flight {unknown}


   Skills:
 + Level 2.5 Fighting
 + Level 0.0 Maces & Flails
 - Level 1.7 Dodging
 - Level 1.4 Stealth
 + Level 3.7 Spellcasting
 - Level 2.3 Conjurations
 + Level 3.0 Fire Magic


You had 7 spell levels left.
You knew the following spells:

 Your Spells              Type           Power      Damage    Failure   Level
a - Foxfire               Conj/Fire      48%        2x1d6     4%          1
b - Scorch                Fire           28%        2d6       7%          2

Your spell library contained the following spells:

 Spells                   Type           Power      Damage    Failure   Level
 Conjure Flame            Conj/Fire      12%        6-21      16%         3
 Inner Flame              Hex/Fire       8%         N/A       24%         3
 Ignite Poison            Fire/Tmut/Pois 6%         N/A       30%         3
 Mephitic Cloud           Conj/Pois/Air  6%         N/A       32%         3
 Portal Projectile        Hex/Tloc       6%         N/A       41%         3
 Tukima's Dance           Hex            3%         N/A       41%         3
 Flame Wave               Conj/Fire      12%        2d6       45%         4
 Freezing Cloud           Conj/Ice/Air   3%         6-21      97%         5
 Blade Hands              Tmut           1%         N/A       99%         5


Dungeon Overview and Level Annotations

Branches:
Dungeon (4/15)
 Temple: D:4-7

Altars:
Okawaru
Wu Jian

Annotations:
D:4 Blork the orc, Dowan, Duvessa, Edmund


Innate Abilities, Weirdness & Mutations

You are too large for most types of armour.
You have tough skin. (AC +1)


Message History

You hit Blork the orc.
Blork the orc is severely wounded.
The orc priest calls down the wrath of Beogh upon you.
Beogh smites you!
* * * LOW HITPOINT WARNING * * *
Blork the orc hits you with a +0 glaive.
* * * LOW HITPOINT WARNING * * *
There is an escape hatch in the ceiling here.
A mysterious force pulls you upwards. The hatch slams shut behind you.
You start resting.
Magic restored.
You see here a +0 short sword.
There is a stone staircase leading down here.
You climb downwards.
Level annotation: Blork the orc, Dowan, Duvessa, Edmund Blork the orc closely misses you.
The orc priest barely misses you.
Blork the orc looks satisfied for a moment.
There is a stone staircase leading up here.
Level annotation: Blork the orc, Dowan, Duvessa, Edmund Welcome back, bearlyready the Ogre Fire Elementalist.
Press ? for a list of commands and other information.
The orc warrior hits you with a +0 scimitar.
Blork the orc barely misses you.
The orc priest calls upon Beogh to heal Blork the orc.
Blork the orc is healed somewhat.
The orc priest invokes the aid of Beogh against you.
You barely resist.
You climb upwards.
There is a stone staircase leading down here.
As you read the scroll labelled WOTAOH NYHUNET, it crumbles to dust.
It is a scroll of identify.
q - a scroll of torment The orc warrior hits you with a +0 scimitar!
* * * LOW HITPOINT WARNING * * *
The orc priest hits you but does no damage.
The orc priest barely misses you.
As you read the scroll labelled KUZOAKAWNO, it crumbles to dust.
You feel momentarily disoriented.
It was a scroll of magic mapping.
The orc warrior hits you with a +0 scimitar!
You die...

#.#.######.#.# #..########...#.
#.#.#.....<#.# #.## #.#.#.
#.#.#..#.#.#.#####.#########.#.#.
#.#.####.#.#.#...................
#.#......#.#.#.##..##########....
#.########.#.#..#................
#......†...#....#.##############.
#######...##.###o.##############.
#........#...o@o...............
#.###....#.########.###########
#.# #....#.# #..## #.# #....#.#
##..# #.# ####.#.# ##.# #.# #.#.#
#.# #)# #.#.# #.##
#.######.#)###### #..########
#.##...#........# #..........


You could see an orc warrior and 2 orc priests.

Vanquished Creatures
  A necrophage (D:3)
  A worm (D:3)
  A dart slug (D:1)
  2 orcs (D:3)
  4 bats
  5 endoplasms
  A giant cockroach (D:1)
  5 goblins
  A hobgoblin (D:2)
  5 quokkas
  4 ball pythons
  3 frilled lizards
  3 kobolds
36 creatures vanquished.

Vanquished Creatures (others)
  97 foxfires
97 creatures vanquished.

Grand Total: 133 creatures vanquished

Notes
Turn   | Place    | Note
-------+----------+-------------------------------------------
     0 | D:1      | bearlyready the Ogre Fire Elementalist began the quest for
                  | the Orb.
     0 | D:1      | Reached XP level 1. HP: 16/16 MP: 3/3
     3 | D:1      | Noticed an electric eel
     4 | D:1      | Noticed an electric eel
    35 | D:1      | Reached skill level 1 in Conjurations
   458 | D:1      | Reached XP level 2. HP: 19/24 MP: 2/5
  1264 | D:2      | Found an ornate altar of the Wu Jian Council.
  1366 | D:2      | Reached XP level 3. HP: 32/32 MP: 3/7
  1529 | D:2      | Reached skill level 1 in Fighting
  2375 | D:3      | Found an iron altar of Okawaru.
  2667 | D:3      | Noticed a necrophage
  2684 | D:3      | Killed a necrophage
  2685 | D:3      | Reached XP level 4. HP: 42/44 MP: 1/9
  2688 | D:3      | Learned a level 2 spell: Scorch
  2874 | D:4      | Noticed Duvessa
  2876 | D:4      | Noticed Dowan
  2878 | D:4      | Noticed Edmund
  2922 | D:4      | Noticed Blork the orc
  2927 | D:4      | Noticed an orc warrior
  3031 | D:3      | Slain by an orc warrior

Illustrated notes

Levels and vault maps discovered:
D:1:      arrival_aquarium_b, layout_basic, dk_noncrumbling_2
D:2:      layout_basic, basic_altar, kennysheep_generic_room_9
D:3:      layout_basic, okawaru_metal_pillars_1_2, minmay_misc_feat_iff
D:4:      layout_loops_cross, uniq_edmund, uniq_grinder, uniq_duvessa,
          uniq_blork_the_orc

Skill      XL: |  1  2  3 |
---------------+----------+-----
Conjurations   | 1 2 |  2.3
Fire Magic     | 3 |  3.0
Spellcasting   | 3 |  3.7
Fighting       | 2 |  2.5
Dodging        | |  1.7
Stealth        | |  1.4

Action                   |  1- 3 |  4- 6 || total
-------------------------+-------+-------++-------
Melee: Dagger            |    21 |       ||    21
       Unarmed           |     1 |       ||     1
       Punch             |     1 |       ||     1
       Whip              |    23 |     1 ||    24
Throw: Dart              |       |     1 ||     1
 Cast: Foxfire           |    53 |     7 ||    60
       Scorch            |       |     3 ||     3
  Use: Scroll            |       |     2 ||     2
 Stab: Sleeping          |     3 |       ||     3
Armor: Robe              |    15 |     1 ||    16
Dodge: Dodged            |    20 |     5 ||    25
Block: Other             |     6 |       ||     6
       Reflection        |     1 |       ||     1

Table legend: (Time is in decaauts)
 A = Elapsed time spent in this place.
 B = Non-inter-level travel time spent in this place.
 C = Inter-level travel time spent in this place.
 D = Time resting spent in this place.
 E = Time spent auto-exploring this place.
 F = Levels seen in this place.
 G = Mean time per level.
                   A        B        C        D        E       F      G
               +--------+--------+--------+--------+--------+-----+--------+
         Total |   3032 |   2922 |    110 |     69 |   2468 |   4 |  758.0 |
       Dungeon |   3032 |   2922 |    110 |     69 |   2468 |   4 |  758.0 |
               +--------+--------+--------+--------+--------+-----+--------+

Top non-repeatable levels by time:
     D:3: 1355 daAuts
     D:1: 946 daAuts
     D:2: 675 daAuts
     D:4: 55 daAuts
